Match 45944229
Unlisted

Match 45944229
End
Royal Engineer Section
Construct Section Command Post
Selects Canadian Shock Battlegroup
Infantry Section
Infantry Section
Infantry Section
Selects Attacking Spirit
Construct Platoon Command Post
Humber Armored Car
Infantry Section
Infantry Training
Construct Field Infirmary
Grenade Package
6-pounder Anti-tank Gun Team
Selects Incendiary Munitions
Selects Pyrotechnics
FeriG
✠Kaiser✠ tushkan
0
0

Comments sign in to comment!

No comments posted yet!